 Dungeon Crawl Stone Soup version 0.30-a0-241-g1121274140 (webtiles) character file.

Game seed: 4088166770893898587

2293 NinjaNoafa the Trooper (level 9, -5/79 HPs)
             Began as a Minotaur Fighter on Oct 10, 2022.
             Was a Believer of Okawaru.
             Slain by a vampire (8 damage)
             ... on level 7 of the Dungeon.
             The game lasted 00:11:55 (5492 turns).

NinjaNoafa the Trooper (Minotaur Fighter)           Turns: 5492, Time: 00:11:55

Health: -5/79      AC: 14    Str: 25    XL:     9   Next: 17%
Magic:  10/12      EV: 10    Int:  5    God:    Okawaru [**....]
Gold:   454        SH:  6    Dex: 10    Spells: 8/8 levels left

rFire   + . .      SeeInvis .    a - +0 war axe
rCold   . . .      Faith    .    c - +0 buckler
rNeg    . . .      Spirit   .    l - +0 chain mail
rPois   .          Reflect  .    (helmet restricted)
rElec   .          Harm     .    s - +1 cloak
rCorr   .          Rampage  .    (no gloves)
Will    .....                    (no boots)
Stlth   ..........               (no amulet)
HPRegen 0.33/turn                n - ring of protection from fire
MPRegen 0.13/turn                (no ring)

@: heroic
A: horns 2, retaliatory headbutt
a: Renounce Religion, Heroism


You were on level 7 of the Dungeon.
You worshipped Okawaru.
Okawaru was pleased with you.
You visited 2 branches of the dungeon, and saw 8 of its levels.

You collected 454 gold pieces.

Inventory:

Hand Weapons
 a - a +0 war axe (weapon)
Missiles
 d - 17 poisoned darts (quivered)
 e - 6 atropa-tipped darts
 g - 61 stones
 u - 2 boomerangs
Armour
 c - a +0 buckler (worn)
 l - a +0 chain mail (worn)
 s - a +1 cloak (worn)
Jewellery
 n - a ring of protection from fire (left hand)
 o - an amulet of guardian spirit
 x - a ring of wizardry
Wands
 p - a wand of paralysis (5)
 v - a wand of flame (1)
Scrolls
 b - a scroll of summoning {unknown}
 f - a scroll of fear {unknown}
 h - a scroll of butterflies {unknown}
 i - a scroll of enchant armour {unknown}
 j - 4 scrolls of teleportation {unknown}
 r - 2 scrolls of magic mapping {unknown}
 w - 2 scrolls of identify {unknown}
 y - a scroll of enchant weapon {unknown}
Potions
 k - 3 potions of curing
 m - 3 potions of lignification
 q - 3 potions of haste
 z - a potion of attraction {unknown}
 A - a potion of mutation {unknown}
 B - a potion of might


   Skills:
 - Level 7.0(12.0) Fighting
 - Level 7.0(12.0) Axes
 - Level 7.0(12.0) Armour
 - Level 7.0(12.0) Shields
 + Level 6.6 Invocations


You had 8 spell levels left.
You didn't know any spells.
Your spell library contained the following spells:

 Spells                   Type           Power      Damage    Failure   Level
 Cigotuvi's Dreadful Rot  Necr/Pois/Air  0%         N/A       99%         2
 Poisonous Vapours        Pois/Air       0%         N/A       99%         2
 Dazzling Flash           Conj/Hex       0%         N/A       100%        3
 Ignite Poison            Fire/Tmut/Pois 0%         N/A       100%        3
 Mephitic Cloud           Conj/Pois/Air  0%         N/A       100%        3
 Portal Projectile        Hex/Tloc       0%         N/A       100%        3
 Iskenderun's Mystic Bla  Conj/Tloc      0%         2d3       100%        4
 Sticky Flame             Conj/Fire      0%         2d3       100%        4
 Blade Hands              Tmut           0%         N/A       100%        5
 Starburst                Conj/Fire      0%         6d3       100%        6
 Ignition                 Fire           0%         3d3       100%        8
 Tukima's Dance           Hex            Unusable   N/A       N/A         3

Dungeon Overview and Level Annotations

Branches:
Dungeon (7/15)             Temple (1/1) D:4

Altars:
Ashenzari
Dithmenos
Elyvilon
Fedhas
Gozag
Kikubaaqudgha
Makhleb
Nemelex Xobeh
Okawaru
Qazlal
Ru
Sif Muna
Trog
Uskayaw
Vehumet
Wu Jian
Xom
Yredelemnul
Zin
The Shining One

Shops:
D:5 [


Innate Abilities, Weirdness & Mutations

You have a pair of horns on your head.
You reflexively headbutt those who attack you in melee.


Message History

* * * LOW HITPOINT WARNING * * *
Something bites you but does no damage.
You hit something. You block something's attack. Something bites you.
* * * LOW HITPOINT WARNING * * *
Something draws strength from your injuries!
You hear some strange, mumbled words.
You are confused.
You feel better. Something hits you.
* * * LOW HITPOINT WARNING * * *
Something bites you but does no damage.
You miss something. Your headbutt misses something.
Something hits you but does no damage. Something bites you!
* * * LOW HITPOINT WARNING * * *
Something draws strength from your injuries!
You feel much better. Something hits you.
* * * LOW HITPOINT WARNING * * *
Something bites you but does no damage.
You closely miss something. Your headbutt misses something. Something hits you.
* * * LOW HITPOINT WARNING * * *
Something bites you.
* * * LOW HITPOINT WARNING * * *
Something draws strength from your injuries!
Aiming: Paralyse
Press: ? - help, Shift-Dir - straight line Nothing appears to happen.
Something hits you but does no damage. Something bites you.
* * * LOW HITPOINT WARNING * * *
Something draws strength from your injuries!
Aiming: Throw Flame
Press: ? - help, Shift-Dir - straight line Something hits you but does no damage.
Something bites you.
* * * LOW HITPOINT WARNING * * *
Something draws strength from your injuries!
Okay, then.
You gain the combat prowess of a mighty hero.
Something hits you but does no damage. Something bites you but does no damage.
You slash something! Your headbutt misses something.
Something hits you but does no damage. You block something's attack.
You hit something. Something hits you!
You die...

#............................
#............................
#####........#######.............
......########.....#.............
>.....#.....#......#.............
......'.....#......#.............
......#.....'......#.............
......#.....#†.....#.............
............##.{@..#......>......
.#####......##.....##'##########'
. #.#######......#............
### #.......#............
#.......#............
#.......#............
#.......#............
#####################


There were no monsters in sight!

Vanquished Creatures
  Pikel (D:6)
  Sigmund (D:2)
  2 black bears
  A sky beast (D:6)
  An ice beast (D:6)
  An ogre (D:6)
  A centaur (D:6)
  A phantom (D:5)
  A kobold brigand (D:4)
  3 bullfrogs (D:6)
  3 scorpions
  2 gnoll sergeants (D:6)
  2 necrophages (D:5)
  2 hounds
  2 jellies
  Jessica (D:2)
  An iguana (D:6)
  10 gnolls (D:6)
  6 adders
  A white imp (D:5)
  3 worms
  2 dart slugs
  3 orcs
  8 ball pythons
  8 bats
  6 endoplasms
  6 giant cockroaches
  5 goblins
  9 hobgoblins
  3 jackals (D:1)
  7 kobolds
  10 quokkas
  2 frilled lizards (D:1)
  6 rats
121 creatures vanquished.

Vanquished Creatures (others)
  2 fungi (D:3)
  4 plants (D:3)
6 creatures vanquished.

Grand Total: 127 creatures vanquished

Notes
Turn   | Place    | Note
-------+----------+-------------------------------------------
     0 | D:1      | NinjaNoafa the Minotaur Fighter began the quest for the
                  | Orb.
     0 | D:1      | Reached XP level 1. HP: 19/19 MP: 0/0
    62 | D:1      | Reached XP level 2. HP: 25/27 MP: 1/1
   360 | D:1      | Reached XP level 3. HP: 33/33 MP: 2/2
   752 | D:2      | Noticed Jessica
   756 | D:2      | Killed Jessica
   757 | D:2      | You fall into a shaft and drop 2 floors!
   759 | D:4      | Noticed a scorpion
   764 | D:4      | Killed a scorpion
   765 | D:4      | Reached XP level 4. HP: 30/41 MP: 3/3
   843 | D:4      | Noticed a kobold brigand
   867 | D:4      | Killed a kobold brigand
   868 | D:4      | Reached skill level 5 in Fighting
   868 | D:4      | Reached XP level 5. HP: 26/48 MP: 4/4
  1046 | D:2      | Noticed Sigmund
  1064 | D:2      | Killed Sigmund
  1065 | D:2      | Reached skill level 5 in Armour
  1065 | D:2      | Reached skill level 5 in Shields
  1065 | D:2      | Reached XP level 6. HP: 30/56 MP: 5/5
  1462 | D:2      | Found an iron altar of Okawaru.
  1854 | D:3      | Found a stormy altar of Qazlal.
  1940 | D:3      | Found a faded altar of an unknown god.
  1975 | D:3      | Found an ornate altar of the Wu Jian Council.
  2521 | D:4      | Found a staircase to the Ecumenical Temple.
  2547 | Temple   | Entered the Ecumenical Temple
  2804 | Temple   | Became a worshipper of Warmaster Okawaru
  3222 | D:5      | Entered Level 5 of the Dungeon
  3226 | D:5      | Found a broken altar of Ashenzari.
  3232 | D:5      | Reached XP level 7. HP: 59/62 MP: 6/6
  3275 | D:5      | Identified the +1 robe "Zoem" {Will++ Int+4 Slay+3}
  3370 | D:5      | Reached skill level 5 in Axes
  3390 | D:5      | Identified the +0 robe "Huif" {rC++ Regen+ Str+3 Stlth-}
  3469 | D:5      | Found Fuq Apyg's Armour Shoppe.
  3497 | D:5      | Found an opulent altar of Gozag.
  3497 | D:5      | Found a shimmering blue altar of Sif Muna.
  3498 | D:5      | Found a sparkling altar of Nemelex Xobeh.
  3648 | D:5      | Reached * piety under Okawaru
  4039 | D:6      | Reached XP level 8. HP: 67/71 MP: 7/7
  4039 | D:6      | Noticed Pikel
  4048 | D:6      | Killed Pikel
  4048 | D:6      | Reached ** piety under Okawaru
  4512 | D:6      | Reached skill level 5 in Invocations
  4738 | D:6      | Reached XP level 9. HP: 64/79 MP: 12/12
  5489 | D:7      | HP: 2/79 [something (5)]
  5492 | D:7      | Slain by a vampire

Illustrated notes

Levels and vault maps discovered:
D:1:      minmay_arrival_semitransparent, layout_basic
D:2:      layout_loops_ring, basic_altar, kennysheep_generic_room_11,
          uniq_sigmund, uniq_jessica
D:3:      layout_loops_ring, grunt_qazlal_sundering,
          mainiacjoe_overflow_brackets,
          shapermc_ecumenical_altar_mp_ritualfount,
          amcnicky_mini_rare_corridor_liquid
D:4:      layout_rooms, minmay_temple_entry_junction_2, solitary_fountain,
          minivault_25
D:5:      layout_loops_ring, mainiacjoe_overflow_paths,
          chequers_temple_overflow_statue_of_worship, serial_shops,
          nicolae_shop_trees, kennysheep_small_spiral, minmay_misc_feat_x
D:6:      layout_loops_ring, kennysheep_cross_room, uniq_pikel
D:7:      layout_gridville, kennysheep_little_box
Temple:   eino_temple_water

Skill      XL: |  1  2  3  4  5  6  7  8  9 |
---------------+----------------------------+-----
Fighting       | 4 5 6 7 |  7.0
Armour         | 4 5 6 7 |  7.0
Shields        | 4 5 6 7 |  7.0
Axes           | 3 4 5 7 |  7.0
Invocations    | 5 6 |  6.6

Action                   |  1- 3 |  4- 6 |  7- 9 || total
-------------------------+-------+-------+-------++-------
Melee: War axe           |    59 |   110 |   134 ||   303
       Headbutt          |     7 |    20 |    27 ||    54
Throw: Dart              |       |     4 |       ||     4
Invok: Heroism           |       |       |     1 ||     1
Evoke: Wand              |       |       |     8 ||     8
  Use: Potion            |     1 |       |     9 ||    10
 Stab: Invisible         |       |       |     1 ||     1
Armor: Scale mail        |    39 |       |       ||    39
       Chain mail        |     1 |    65 |   102 ||   168
       Skin              |       |       |     6 ||     6
Dodge: Dodged            |    39 |    36 |    69 ||   144
Block: Buckler           |    15 |    21 |    46 ||    82

Table legend: (Time is in decaauts)
 A = Elapsed time spent in this place.
 B = Non-inter-level travel time spent in this place.
 C = Inter-level travel time spent in this place.
 D = Time resting spent in this place.
 E = Time spent auto-exploring this place.
 F = Levels seen in this place.
 G = Mean time per level.
                   A        B        C        D        E       F      G
               +--------+--------+--------+--------+--------+-----+--------+
         Total |   5565 |   5328 |    237 |      0 |   4298 |   8 |  695.6 |
       Dungeon |   5291 |   5101 |    190 |      0 |   4087 |   7 |  755.9 |
        Temple |    273 |    226 |     47 |      0 |    211 |   1 |  273.0 |
               +--------+--------+--------+--------+--------+-----+--------+

Top non-repeatable levels by time:
     D:6: 1176 daAuts
     D:2: 845 daAuts
     D:3: 832 daAuts
     D:5: 826 daAuts
     D:1: 762 daAuts
     D:4: 564 daAuts
     D:7: 284 daAuts
  Temple: 273 daAuts
